Map: 16 бит РВ

Players

Murena

  • Race: Terran Terran
  • Spawn Location: 7:00

ИИ 1 (эксперт) - Winner!

  • Race: Protoss Protoss
  • Spawn Location: 1:00

VOD

Have the link to the VOD?

Description

Time

  • Played on: March 28, 2019, 10:16 a.m.
  • Length: 7:58
Show
View Real Time Build Order
Export as new Build Order

Murena Terran 

Build Orders: Cyclone Opening 

Get SALT Encoding   

  12  0:00  SCV  
  13  0:14  Refinery  
  13  0:16  SCV  
  14  0:27  Supply Depot  
  14  0:30  SCV  
  15  0:49  Barracks  
  15  0:51  SCV  
  16  1:04  SCV  
  16  1:08  Supply Depot  
  17  1:17  SCV  
  18  1:38  Orbital Command, Factory  
  18  1:39  Marine  
  19  1:56  Factory  
  19  1:58  Marine  
  20  2:03  SCV  
  21  2:12  Refinery  
  21  2:16  SCV  
  21  2:17  Marine  
  21  2:21  Factory Tech Lab  
  23  2:30  SCV  
  23  2:31  Supply Depot  
  24  2:38  Marine  
  24  2:40  Cyclone  
  24  2:43  Factory Tech Lab  
  28  2:47  SCV  
  29  2:57  Marine  
  30  3:01  Cyclone  
  33  3:06  Supply Depot  
  33  3:08  SCV  
  34  3:16  Marine  
  34  3:19  Cyclone  
  38  3:22  SCV  
  39  3:35  Marine  
  39  3:37  Cyclone  
  43  3:42  Supply Depot  
  43  3:54  Marine  
  44  3:57  Cyclone  
  47  4:06  SCV  
  48  4:14  Marine  
  48  4:15  Cyclone, Barracks  
  52  4:22  Supply Depot  
  52  4:23  SCV  
  53  4:34  Marine  
  53  4:36  SCV  
  55  4:41  Mag-Field Accelerator  
  55  4:48  Hellion  
  55  4:51  SCV  
  55  4:52  Cyclone  
  61  4:57  Marine  
  61  4:58  Supply Depot  
  62  5:01  Barracks Tech Lab  
  62  5:05  SCV  
  63  5:17  Barracks Reactor  
  63  5:25  Cyclone  
  66  5:31  Marine  
Show
View Real Time Build Order
Export as new Build Order

ИИ 1 (эксперт) Protoss - Winner!

Build Orders: 1 Gate Expand, Colossus Rush 

Get SALT Encoding   

  12  0:00  Probe  
  13  0:13  Probe  
  14  0:20  Pylon  
  14  0:25  Probe  
  15  0:34  Probe  
  15  0:42  Probe  
  17  0:50  Gateway  
  17  0:52  Probe  
  18  1:00  Probe  
  19  1:16  Probe  
  19  1:18  Nexus  
  20  1:28  Probe  
  21  1:36  Pylon  
  21  1:39  Zealot  
  23  1:47  Cybernetics Core  
  23  1:49  Assimilator  
  23  1:54  Probe  
  24  2:03  Probe  
  25  2:11  Probe  
  26  2:20  Probe  
  26  2:24  Pylon  
  26  2:28  Probe  
  27  2:30  Probe  
  27  2:34  Warp Gate  
  27  2:36  Gateway  
  29  2:41  Probe  
  29  2:43  Assimilator  
  30  2:48  Stalker  
  30  2:56  Probe  
  30  2:57  Pylon  
  33  2:59  Probe  
  34  3:08  Probe  
  34  3:09  Adept  
  34  3:11  Probe  
  38  3:22  Probe, Adept  
  38  3:24  Probe  
  42  3:29  Robotics Facility  
  42  3:32  Adept  
  42  3:34  Probe  
  42  3:36  Probe  
  46  3:46  Probe  
  47  3:48  Probe  
  47  3:52  Adept  
  50  3:58  Probe  
  50  4:01  Probe  
  50  4:02  Adept  
  54  4:07  Pylon  
  54  4:08  Probe  
  54  4:13  Probe  
  54  4:16  Probe  
  56  4:21  Robotics Bay  
  56  4:23  Pylon  
  57  4:29  Observer  
  57  4:30  Gateway, Adept  
  60  4:37  Probe  
  61  4:39  Probe  
  61  4:40  Pylon  
  62  4:50  Robotics Facility  
  62  4:58  Stalker  
  64  5:02  Pylon  
  64  5:04  Zealot  
  66  5:16  Pylon  
  66  5:19  Gateway  
  66  5:20  Zealot  
  68  5:24  Zealot  
  68  5:25  Stalker  
  72  5:33  Zealot  
  74  5:43  Colossus  
  74  5:45  Assimilator  
  80  5:59  Nexus  
  80  6:03  Forge  
  80  6:04  Assimilator  
  80  6:06  Twilight Council  
  80  6:08  Probe x2  
  82  6:17  Forge  
  82  6:19  Zealot  
  82  6:20  Probe  
  82  6:21  Zealot x3  
  91  6:26  Pylon  
  91  6:27  Probe  
  91  6:32  Probe  
  77  6:34  Zealot  
  77  6:39  Zealot, Probe  
  69  6:41  Zealot  
  69  6:44  Probe  
  69  6:46  Adept  
  66  6:48  Templar Archives  
  66  6:49  Zealot  
  62  6:59  Zealot  
  62  7:01  Zealot  
  62  7:02  Sentry  
  62  7:06  Zealot  
  61  7:15  Immortal  
  58  7:19  Adept  
  58  7:21  Zealot  
  58  7:22  Pylon  
  56  7:24  Zealot  
  56  7:26  High Templar, Photon Cannon  
  57  7:39  Zealot  
  57  7:41  Stalker  
  59  7:44  Adept  
  59  7:45  Nexus  
  59  7:58  Stalker  
Tags
 
Add a new tag
Caveats
  • Supply blocks, unpowered buildings, or Contaminate may cause inaccurate times.
  • Supply counts are checked every 10 seconds.